 Dungeon Crawl Stone Soup version 0.30-a0-845-g7c6808c8ce (webtiles) character file.

Game seed: 3266978265770440018

4829 retardedninja the Cleaver (level 10, -8/90 HPs)
             Began as a Hill Orc Fighter on Mar 2, 2023.
             Was an Initiate of Gozag.
             Mangled by Gastronok (20 damage)
             ... on level 8 of the Dungeon.
             The game lasted 00:13:13 (11245 turns).

retardedninja the Cleaver (Hill Orc Fighter)       Turns: 11245, Time: 00:13:13

Health: -8/90      AC: 18    Str: 24    XL:     10   Next: 49%
Magic:  10/10      EV:  6    Int:  8    God:    Gozag
Gold:   1100       SH:  5    Dex: 10    Spells: 9/9 levels left

rFire   + + +      SeeInvis .    a - +1 war axe
rCold   + . .      Faith    .    c - +0 buckler
rNeg    . . .      Spirit   .    r - +1 plate armour
rPois   +          Reflect  .    (no helmet)
rElec   +          Rampage  .    (no cloak)
rCorr   +                        s - +2 pair of gloves
Will    .....                    (no boots) Stlth
                                 (no amulet)
HPRegen 0.35/turn                m - ring of protection from fire
MPRegen 0.12/turn                n - ring of protection from fire

@: resistant, hasted and slowed
A: no striking features
a: Renounce Religion, Potion Petition, Call Merchant, Bribe Branch


You were on level 8 of the Dungeon.
You worshipped Gozag.
Gozag was most pleased with you.
You visited 2 branches of the dungeon, and saw 10 of its levels.
You also visited: Ossuary.

You collected 1139 gold pieces.
You paid 39 gold pieces to Gozag.

Inventory:

Hand Weapons
 a - a +1 war axe (weapon)
 t - the +5 Force Lance {heavy, knockback}
   (You found it on level 3 of the Dungeon)
 v - a +0 broad axe of pain
Missiles
 I - a throwing net (quivered)
Armour
 c - a +0 buckler (worn)
 r - a +1 plate armour (worn)
 s - a +2 pair of gloves (worn)
Jewellery
 m - a ring of protection from fire (left hand)
 n - a ring of protection from fire (right hand)
Wands
 j - a wand of paralysis (10)
 l - a wand of digging (9)
 J - a wand of mindburst (7)
Scrolls
 d - a scroll of magic mapping
 g - a scroll of noise
 i - a scroll of vulnerability
 k - 2 scrolls of amnesia
 p - a scroll of silence
 u - 2 scrolls of poison
 A - a scroll of teleportation
Potions
 h - a potion of flight
 o - 3 potions of brilliance
 q - a potion of magic
 z - a potion of degeneration
 B - 2 potions of attraction
 C - a potion of cancellation
 D - 2 potions of mutation


   Skills:
 + Level 8.9 Fighting
 * Level 12.6 Axes
 + Level 8.1 Armour
 + Level 8.1 Shields


You had 9 spell levels left.
You didn't know any spells.
Your spell library contained the following spells:

 Spells                   Type           Power      Damage    Failure   Level
 Magic Dart               Conj           0%         1d3       100%        1
 Ensorcelled Hibernation  Hex/Ice        0%         N/A       100%        2
 Passwall                 Tmut/Erth      0%         N/A       100%        2
 Searing Ray              Conj           0%         2d4       100%        2
 Sublimation of Blood     Necr           0%         N/A       100%        2
 Hailstorm                Conj/Ice       0%         3d3       100%        3
 Ozocubu's Armour         Ice            0%         N/A       100%        3
 Swiftness                Air            0%         N/A       100%        3
 Fulminant Prism          Conj/Hex       0%         3d5       100%        4
 Ice Form                 Ice/Tmut       0%         N/A       100%        4
 Petrify                  Tmut/Erth      0%         N/A       100%        4
 Irradiate                Conj/Tmut      0%         3d11      100%        5
 Ozocubu's Refrigeration  Ice            0%         4d7       100%        7
 Simulacrum               Ice/Necr       Unusable   N/A       N/A         6

Dungeon Overview and Level Annotations

Branches:
Dungeon (9/15)             Temple (1/1) D:6         Ossuary (visited)
   Lair: D:8-11         Orc: D:9-12

Altars:
Ashenzari
Cheibriados
Dithmenos
Elyvilon
Fedhas
Gozag
Hepliaklqana
Kikubaaqudgha
Makhleb
Nemelex Xobeh
Okawaru
Qazlal
Ru
Sif Muna
Trog
Uskayaw
Vehumet
Xom
Yredelemnul
Zin
The Shining One

Shops:
D:3 ::(   D:5 *

Annotations:
D:6 2 runed translucent doors, cforsyth's ghost, novice KoBr
D:8 Gastronok


Message History

Gastronok is moderately wounded.
Gastronok bites you!!
You slash Gastronok!
Gastronok is moderately wounded.
You feel much better.
It was a potion of resistance.
You feel protected. Gastronok bites you!!
You slash Gastronok!
Gastronok is heavily wounded.
You slash Gastronok!
Gastronok is heavily wounded.
Gastronok bites you!!
* * * LOW HITPOINT WARNING * * *
Okay, then.
Read: scroll of fear
Press: ? - help, Q - select action, (/) - cycle Dir - look around, f - activate Look: Gastronok, wearing the +3 hat of Pondering {ponderous, Will+ MP+10 Int+5} (heavily wounded, chance to affect: 29%)
As you read the scroll of fear, it crumbles to dust.
You assume a fearsome visage.
Gastronok resists with almost no effort.
Blink to where?
Press: ? - help, Q - select action, (/) - cycle Dir - move target, p - Gastronok
As you read the scroll of blinking, it crumbles to dust.
You climb upwards.
There is a stone staircase leading down, spattered with blood here.
You see here a ring of wizardry.
Aiming: Mindburst
Press: ? - help, Q - select action, (/) - cycle Shift-Dir - straight line, f - Gastronok
Aim: Gastronok, wearing the +3 hat of Pondering {ponderous, Will+ MP+10 Int+5} (heavily wounded, chance to affect: 1%)
Okay, then.
Aiming: Paralyse
Press: ? - help, Q - select action, (/) - cycle Shift-Dir - straight line, f - Gastronok
Aim: Gastronok, wearing the +3 hat of Pondering {ponderous, Will+ MP+10 Int+5} (heavily wounded, chance to affect: 0%)
Okay, then.
You slash Gastronok!
Gastronok is heavily wounded.
Gastronok bites you!!
You die...
Your body crumbles into a pile of gold.

#...!....##..:...# #......
#####.#######'#### ###.###
#####.# ##...## #.# #...#.#
##.....## ### #.# #.....#
##.......## ##.###.##
#....####.........####.......##
#.......+.........'............
##...####....w....####...#.....
####..### ##....@[.##
#..#....#. ........# ##.....##
#.##..#.#. .###.##.# ##...##
#.##..#.#. .# #.##.# ##'##
#.......#. .# #.##.# #.#
####...... .# #.##.# #.#
#.##### .###.##.# ##.## #.#
...))...# ##...## #.# ####.####
#.)...# #.#


You could see Gastronok.

Vanquished Creatures
  Harold (D:8)
  Pikel (D:4)
  Maggie (D:8)
  Sigmund (D:6)
  A wraith (Ossuary)
  A wyvern (D:8)
  3 water moccasins
  2 orc warriors (D:7)
  A black bear (D:4)
  An ice beast (D:8)
  4 centaurs
  2 phantoms
  2 ogres (D:6)
  A kobold brigand (D:8)
  A lemure (D:4)
  4 bullfrogs
  4 scorpions
  3 wights (D:7)
  4 hounds
  5 jellies
  A gnoll bouda (D:8)
  5 orc priests
  2 sleepcaps
  Jessica (D:3)
  3 iguanas
  6 orc wizards
  A mummy (Ossuary)
  8 gnolls
  6 adders
  A shadow imp (D:5)
  A white imp (D:7)
  An ufetubus (D:6)
  3 worms
  4 dart slugs
  18 orcs
  4 bats
  5 endoplasms
  14 giant cockroaches
  3 goblins (D:2)
  7 hobgoblins
  10 jackals
  4 quokkas
  7 ball pythons
  3 frilled lizards
  8 gnoll skeletons (Ossuary)
  15 kobolds
  5 kobold skeletons (Ossuary)
  12 orc skeletons (Ossuary)
  4 rats
  4 bushes (D:3)
209 creatures vanquished.

Vanquished Creatures (others)
  A fungus (D:6)
  7 plants (D:3)
8 creatures vanquished.

Grand Total: 217 creatures vanquished

Notes
Turn   | Place    | Note
-------+----------+-------------------------------------------
     0 | D:1      | retardedninja the Hill Orc Fighter began the quest for the
                  | Orb.
     0 | D:1      | Reached XP level 1. HP: 19/19 MP: 1/1
   168 | D:1      | Reached skill level 3 in Axes
   168 | D:1      | Reached XP level 2. HP: 26/27 MP: 2/2
   470 | D:1      | Reached XP level 3. HP: 33/33 MP: 3/3
   684 | D:1      | Found a faded altar of an unknown god.
  1205 | D:2      | Reached skill level 4 in Axes
  1205 | D:2      | Reached XP level 4. HP: 37/40 MP: 4/4
  1365 | D:2      | Found an ancient bone altar of Kikubaaqudgha.
  2268 | D:3      | Reached XP level 5. HP: 45/47 MP: 5/5
  2321 | D:3      | Found Voatuteg's Book Shop.
  2325 | D:3      | Found Hadef's Weapon Shoppe.
  2532 | D:3      | Reached skill level 5 in Axes
  3108 | D:3      | Noticed Jessica
  3115 | D:3      | Found the +5 Force Lance {heavy, knockback}
  3117 | D:3      | Killed Jessica
  3118 | D:3      | Reached XP level 6. HP: 54/55 MP: 6/6
  3192 | D:3      | Found Mutebb's Book Emporium.
  3634 | D:4      | Reached skill level 5 in Fighting
  3773 | D:4      | Noticed a black bear
  3781 | D:4      | Killed a black bear
  3782 | D:4      | Reached skill level 6 in Axes
  3782 | D:4      | Reached XP level 7. HP: 56/61 MP: 7/7
  3852 | D:4      | Noticed Pikel
  3864 | D:4      | Killed Pikel
  3865 | D:4      | Reached skill level 7 in Axes
  3865 | D:4      | Reached skill level 5 in Armour
  3865 | D:4      | Reached skill level 5 in Shields
  3865 | D:4      | Reached XP level 8. HP: 14/70 MP: 8/8
  4457 | D:4      | Found an opulent altar of Gozag.
  4459 | D:4      | Found a snail-covered altar of Cheibriados.
  4461 | D:4      | Found a sacrificial altar of Ru.
  4467 | D:4      | Became a worshipper of Gozag Ym Sagoz the Greedy
  4760 | D:5      | Entered Level 5 of the Dungeon
  4827 | D:5      | Reached skill level 8 in Axes
  4991 | D:5      | Found Vuriejix's General Store.
  5918 | D:5      | Reached skill level 9 in Axes
  6134 | D:6      | Found a large runed translucent door.
  6134 | D:6      | Found a large runed translucent door.
  6148 | D:6      | Noticed cforsyth's ghost (novice KoBr)
  6170 | D:6      | Found a glowing silver altar of Zin.
  6171 | D:6      | Noticed Sigmund
  6191 | D:6      | Killed Sigmund
  6192 | D:6      | Reached XP level 9. HP: 21/79 MP: 9/9
  6915 | D:6      | Found an iron altar of Okawaru.
  6927 | D:6      | Reached skill level 10 in Axes
  7162 | D:6      | Found a staircase to the Ecumenical Temple.
  7199 | Temple   | Entered the Ecumenical Temple
  8192 | D:7      | Reached skill level 11 in Axes
  9037 | D:8      | Noticed Maggie
  9048 | D:8      | Paralysed by Maggie for 2 turns
  9057 | D:8      | Killed Maggie
  9058 | D:8      | Reached XP level 10. HP: 58/89 MP: 10/10
  9192 | D:8      | Found a sand-covered staircase.
  9209 | Ossuary  | Entered an ossuary
  9650 | D:8      | Reached skill level 12 in Axes
 10972 | D:9      | Noticed Gastronok
 10972 | D:9      | Noticed Harold
 10993 | D:8      | Killed Harold
 11245 | D:8      | Mangled by Gastronok

Illustrated notes

Levels and vault maps discovered:
D:1:      eino_arrival_tree_alley, layout_basic, shapermc_ecumenical_altar_petra
D:2:      layout_loops_cross, basic_altar
D:3:      minmay_roachtagon, layout_rooms, serial_shops, shop, shop, shop,
          grunt_decor_fettered, lexackson_kobold_supper, uniq_jessica
D:4:      layout_basic, minitemple, uniq_pikel
D:5:      layout_gridville, serial_shops, nicolae_shop_hallway_plus
D:6:      layout_loops_cross, mainiacjoe_overflow_tiny_flanked,
          okawaru_gym_becter, minmay_temple_entry_slanted,
          ebering_ghost_disaster_area, uniq_sigmund
D:7:      layout_loops_ring
D:8:      layout_loops_corners, nicolae_ossuary_entry_monument, uniq_maggie
D:9:      layout_layer_cave, zombieorc1_lemuel, roderic_lattice_a,
          nicolae_diode_quadrants, uniq_gastronok, uniq_harold
Temple:   regret_index_temple_sphere_string

Skill      XL: |  1  2  3  4  5  6  7  8  9 10 |
---------------+-------------------------------+-----
Axes           | 3 4 5 6 7 9 11 12 | 12.6
Fighting       | 4 5 6 7 8 |  8.9
Armour         | 4 5 6 7 8 |  8.1
Shields        | 4 5 6 7 8 |  8.1

Action                     |  1- 3 |  4- 6 |  7- 9 | 10-12 || total
---------------------------+-------+-------+-------+-------++-------
  Melee: War axe           |    91 |   308 |   296 |   146 ||   841
  Evoke: Wand              |       |       |       |     5 ||     5
    Use: Potion            |       |     8 |     5 |     6 ||    19
         Scroll            |       |     2 |    16 |     8 ||    26
   Stab: Invisible         |       |       |     1 |       ||     1
 Armour: Scale mail        |    55 |   132 |   124 |       ||   311
         Plate armour      |       |       |    27 |    66 ||    93
  Dodge: Dodged            |    42 |    79 |   109 |    28 ||   258
  Block: Buckler           |    17 |    43 |    63 |    30 ||   153

Table legend: (Time is in decaauts)
 A = Elapsed time spent in this place.
 B = Non-inter-level travel time spent in this place.
 C = Inter-level travel time spent in this place.
 D = Time resting spent in this place.
 E = Time spent auto-exploring this place.
 F = Levels seen in this place.
 G = Mean time per level.
                   A        B        C        D        E       F      G
               +--------+--------+--------+--------+--------+-----+--------+
         Total |  11416 |  11175 |    241 |   4037 |   5305 |  11 | 1037.8 |
       Dungeon |  10980 |  10757 |    223 |   4037 |   4989 |   9 | 1220.0 |
        Temple |    168 |    150 |     18 |      0 |    133 |   1 |  168.0 |
       Ossuary |    267 |    267 |      0 |      0 |    183 |   1 |  267.0 |
               +--------+--------+--------+--------+--------+-----+--------+

Top non-repeatable levels by time:
     D:8: 1962 daAuts
     D:6: 1578 daAuts
     D:3: 1458 daAuts
     D:4: 1388 daAuts
     D:5: 1385 daAuts
     D:2: 1186 daAuts
     D:7: 1125 daAuts
     D:1: 858 daAuts
 Ossuary: 267 daAuts
  Temple: 168 daAuts
     D:9: 37 daAuts
